 Dungeon Crawl Stone Soup version 0.30-a0-1112-gfb780f5df6 (webtiles) character file.

Game seed: 3380741158147580810

207 leviel the Chopper (level 5, -1/47 HPs)
             Began as a Hill Orc Fighter on Apr 19, 2023.
             Slain by Grinder (4 damage)
             ... while paralysed by Grinder
             ... on level 4 of the Dungeon.
             The game lasted 00:03:35 (2693 turns).

leviel the Chopper (Hill Orc Fighter)               Turns: 2693, Time: 00:03:36

Health: -1/47      AC:  8    Str: 21    XL:     5   Next: 85%
Magic:  5/5        EV:  2    Int:  8    God:
Gold:   262        SH:  0    Dex: 10    Spells: 4/4 levels left

rFire   . . .      SeeInvis .    a - +0 war axe
rCold   . . .      Faith    .    g - +1 kite shield
rNeg    . . .      Spirit   .    b - +0 scale mail
rPois   .          Reflect  .    (no helmet)
rElec   .          Rampage  .    (no cloak)
rCorr   .                        (no gloves)
Will    .....                    r - +0 pair of boots Stlth
                                 (no amulet)
HPRegen 0.27/turn                (no ring)
MPRegen 0.09/turn                (no ring)

@: paralysed
A: no striking features
a: no special abilities


You were on level 4 of the Dungeon.
You visited 1 branch of the dungeon, and saw 4 of its levels.

You collected 262 gold pieces.

Inventory:

Hand Weapons
 a - a +0 war axe (weapon)
Missiles
 j - a throwing net (quivered)
Armour
 b - a +0 scale mail (worn)
 g - a +1 kite shield (worn)
 r - a +0 pair of boots (worn)
Jewellery
 m - a +5 ring of evasion
 o - a ring of see invisible
Scrolls
 e - 2 scrolls of noise
 h - a scroll of identify {@r1}
 k - a scroll of amnesia
Potions
 c - 3 potions of heal wounds
 d - a potion of cancellation
 f - 4 potions of curing
 i - a potion of ambrosia {unknown}
 l - a potion of haste {unknown}
 q - 2 potions of brilliance {unknown}
 s - 2 potions of lignification


   Skills:
 + Level 4.5 Fighting
 * Level 5.0 Axes
 + Level 4.1 Armour
 + Level 1.4 Dodging
 + Level 4.0 Shields


You had 4 spell levels left.
You didn't know any spells.
Your spell library was empty.

Dungeon Overview and Level Annotations

Branches:
Dungeon (4/15)
 Temple: D:4-7

Altars:

Shops:
D:1 *

Annotations:
D:4 Grinder


Message History

Grinder comes into view.
Grinder blinks!
Grinder moves out of view.
Grinder is nearby!
Found 12 gold pieces.
Grinder gestures at you.
You suddenly lose the ability to move!
Grinder blinks!
Grinder gestures at you.
You shrug off the repeated paralysis!
You can move again.
Okay, then.
Okay, then.
You block Grinder's attack.
You closely miss Grinder. Grinder gestures at you.
You suddenly lose the ability to move!
Grinder hits you.
You writhe in agony.
You can move again.
You slash Grinder!
Grinder is moderately wounded.
Grinder blinks!
Grinder gestures at you. Pain shoots through your body!
Grinder says, "There's only one good use for a tongue: cutting it out."
Grinder gestures at you. Pain shoots through your body!
Grinder gestures at you.
You barely resist. You slash Grinder!
Grinder is heavily wounded.
You block Grinder's attack.
You barely miss Grinder.
Grinder is heavily wounded.
Grinder gestures at you.
You suddenly lose the ability to move!
Grinder hits you.
You writhe in agony.
* * * LOW HITPOINT WARNING * * *
Grinder hits you!
* * * LOW HITPOINT WARNING * * *
You writhe in agony.
You die...

#.......###.......#..##
##.... ###...###
#.###.##.##.## ##.###. #...#
#.##..##.###.###.## #...#
#.##.###># ##.#.## #...#
#.##.# #.# ###.###
####...#####.##.###.# #.....#
....)........##...#.# #.....#
.............##.#.#.........#
.............##5@$#####.....#
####...#########.## #.....#
#...# #.# ####### #...# #.#
#...# #.# #...# #.# #.<.# #.#
####.#### #. ... ##.......#
#. .


You could see Grinder.

Vanquished Creatures
  A scorpion (D:4)
  Terence (D:2)
  An orc wizard (D:4)
  An adder (D:2)
  An ufetubus (D:4)
  A worm (D:4)
  A dart slug (D:3)
  6 orcs
  7 endoplasms
  4 giant cockroaches
  9 goblins
  10 hobgoblins
  5 kobolds
  2 quokkas
  4 ball pythons
  4 bats
  6 frilled lizards
  2 rats (D:1)
66 creatures vanquished.

Notes
Turn   | Place    | Note
-------+----------+-------------------------------------------
     0 | D:1      | leviel the Hill Orc Fighter began the quest for the Orb.
     0 | D:1      | Reached XP level 1. HP: 19/19 MP: 1/1
    89 | D:1      | Found Qoyfiuz's General Store.
   120 | D:1      | Reached skill level 3 in Axes
   121 | D:1      | Reached XP level 2. HP: 27/27 MP: 2/2
   568 | D:1      | Reached XP level 3. HP: 33/33 MP: 3/3
   621 | D:2      | You fall into a shaft and drop 2 floors!
   659 | D:4      | Reached XP level 4. HP: 18/40 MP: 4/4
   763 | D:4      | Noticed a scorpion
   775 | D:4      | Killed a scorpion
   776 | D:4      | Reached skill level 4 in Axes
   776 | D:4      | Reached skill level 1 in Dodging
   776 | D:4      | Reached XP level 5. HP: 8/47 MP: 5/5
  1116 | D:2      | Noticed Terence
  1123 | D:2      | Killed Terence
  1726 | D:2      | Found a faded altar of an unknown god.
  2580 | D:4      | Reached skill level 5 in Axes
  2678 | D:4      | Noticed Grinder
  2680 | D:4      | Paralysed by Grinder for 4 turns
  2686 | D:4      | Paralysed by Grinder for 2 turns
  2692 | D:4      | Paralysed by Grinder for 2 turns
  2693 | D:4      | Slain by Grinder

Illustrated notes

Levels and vault maps discovered:
D:1:      scummos_arrival_simple_fountains, layout_basic, serial_shops, shop,
          minmay_misc_feat_doors, corexii_hall_statues_x, hex_medium,
          feat_on_display
D:2:      layout_loops_cross, shapermc_ecumenical_altar_hornbeckon, uniq_terence
D:3:      layout_basic
D:4:      layout_loops_cross, uniq_grinder

Skill      XL: |  1  2  3  4  5 |
---------------+----------------+-----
Axes           | 3 4 5 |  5.0
Fighting       | 4 |  4.5
Dodging        | 1 |  1.4
Armour         | 4 |  4.1
Shields        | 4 |  4.0

Action                     |  1- 3 |  4- 6 || total
---------------------------+-------+-------++-------
  Melee: War axe           |    63 |   119 ||   182
    Use: Scroll            |     2 |     8 ||    10
         Potion            |       |     1 ||     1
 Armour: Scale mail        |    31 |    42 ||    73
  Dodge: Dodged            |    34 |    44 ||    78
  Block: Buckler           |    10 |       ||    10
         Kite shield       |    18 |    73 ||    91

Table legend: (Time is in decaauts)
 A = Elapsed time spent in this place.
 B = Non-inter-level travel time spent in this place.
 C = Inter-level travel time spent in this place.
 D = Time resting spent in this place.
 E = Time spent auto-exploring this place.
 F = Levels seen in this place.
 G = Mean time per level.
                   A        B        C        D        E       F      G
               +--------+--------+--------+--------+--------+-----+--------+
         Total |   2777 |   2744 |     33 |    378 |   1849 |   4 |  694.2 |
       Dungeon |   2777 |   2744 |     33 |    378 |   1849 |   4 |  694.2 |
               +--------+--------+--------+--------+--------+-----+--------+

Top non-repeatable levels by time:
     D:3: 933 daAuts
     D:2: 794 daAuts
     D:1: 641 daAuts
     D:4: 407 daAuts
